 Dungeon Crawl Stone Soup version 0.29.0-4-gdea44cf6ec (webtiles) character file.

Game seed: 1578518245043352328

33 Godmorgon the Covered (level 3, 0/28 HPs)
             Began as a Gnoll Wanderer on Aug 26, 2022.
             Slain by Pargi (1 damage)
             ... on level 3 of the Dungeon.
             The game lasted 00:08:23 (2120 turns).

Godmorgon the Covered (Gnoll Wanderer)              Turns: 2120, Time: 00:08:23

Health: 0/28       AC:  7    Str: 14    XL:     3   Next: 29%
Magic:  4/4        EV: 10    Int:  8    God:
Gold:   96         SH:  0    Dex: 13    Spells: 3/3 levels left

rFire   + . .      SeeInvis .   a - +2 mace
rCold   . . .      Faith    .   (no shield)
rNeg    . . .      Spirit   .   h - +0 ring mail
rPois   .          Reflect  .   (no helmet)
rElec   .          Harm     .   (no cloak)
rCorr   .          Rampage  .   (no gloves)
Will    .....                   m - +0 pair of boots
Stlth   +.........              (no amulet)
HPRegen 0.09/turn               j - ring of protection from fire
MPRegen 0.09/turn               (no ring)

@: no status effects
A: fangs 1, strong nose, distributed training
a: no special abilities


You were on level 3 of the Dungeon.
You visited 1 branch of the dungeon, and saw 3 of its levels.

You collected 96 gold pieces.

Inventory:

Hand Weapons
 a - a +2 mace (weapon)
 b - a +0 sling
 c - a +2 vampiric short sword
Missiles
 e - 2 atropa-tipped darts (quivered)
 g - 15 stones
 i - a throwing net
Armour
 h - a +0 ring mail (worn)
 m - a +0 pair of boots (worn)
Jewellery
 j - a ring of protection from fire (left hand)
Scrolls
 d - a scroll of blinking
 f - a scroll of fear {unknown}
 k - 2 scrolls of identify {unknown}
 n - a scroll of fog {unknown}
 o - a scroll of poison {unknown}
Potions
 l - a potion of curing {unknown}
 p - a potion of ambrosia {unknown}


   Skills:
 + Level 2.6 Fighting
 + Level 0.8 Short Blades
 + Level 0.8 Long Blades
 + Level 0.8 Axes
 + Level 6.5 Maces & Flails
 + Level 0.8 Polearms
 + Level 0.8 Staves
 + Level 6.5 Ranged Weapons
 + Level 0.8 Throwing
 + Level 6.5 Armour
 + Level 0.8 Dodging
 + Level 0.8 Stealth
 + Level 0.8 Shields
 + Level 0.8 Unarmed Combat
 + Level 0.8 Spellcasting
 + Level 0.5 Conjurations
 + Level 0.5 Hexes
 + Level 0.5 Summonings
 + Level 0.5 Necromancy
 + Level 0.5 Translocations
 + Level 0.5 Transmutations
 + Level 0.5 Fire Magic
 + Level 0.5 Ice Magic
 + Level 0.5 Air Magic
 + Level 0.5 Earth Magic
 + Level 0.5 Poison Magic
 + Level 1.0 Invocations
 + Level 0.8 Evocations


You had 3 spell levels left.
You didn't know any spells.
Your spell library was empty.

Dungeon Overview and Level Annotations

Branches:
Dungeon (3/15)

Altars:
Gozag

Shops:
D:1 [

Annotations:
D:3 Pargi


Innate Abilities, Weirdness & Mutations

You have very sharp teeth.
Your uncanny sense of smell can sniff out nearby items.
Your experience applies equally to all skills.


Message History

Press: ? - help, Q - select action, (/) - cycle Shift-Dir - straight line, f/p - Pargi
Aim: Pargi (50% to hit, chance to blind on hit: 41%)
You throw an atropa-tipped dart. The atropa-tipped dart hits Pargi.
Pargi resists.
Pargi barely misses you. Pargi claws you. Pargi claws you but does no damage.
You barely miss Pargi. Pargi bites you. Pargi closely misses you. x2
You hit Pargi.
Pargi is lightly wounded.
Pargi barely misses you. Pargi claws you but does no damage. x2
You sock Pargi!
Pargi is moderately wounded.
Pargi bites you but does no damage. Pargi barely misses you.
Pargi claws you but does no damage.
You barely miss Pargi.
Pargi is moderately wounded.
Pargi bites you but does no damage. Pargi claws you. Pargi closely misses you.
You sock Pargi! You bite Pargi.
Pargi is heavily wounded.
Pargi bites you! Pargi claws you but does no damage. x2
You closely miss Pargi.
Pargi is heavily wounded.
Pargi bites you. Pargi claws you but does no damage. Pargi barely misses you.
You closely miss Pargi.
Pargi is heavily wounded.
Pargi bites you. Pargi claws you. Pargi claws you but does no damage.
Pargi closely misses you. Pargi claws you but does no damage.
Pargi barely misses you.
You closely miss Pargi.
Pargi is moderately wounded.
Pargi bites you.
* * * LOW HITPOINT WARNING * * *
Pargi barely misses you. Pargi completely misses you.
Okay, then.
Okay, then.
Pargi attacks as you move away! Pargi bites you.
* * * LOW HITPOINT WARNING * * *
Pargi claws you.
* * * LOW HITPOINT WARNING * * *
Pargi claws you.
You die...

..## ##.. ... #
... ..##. ##..#
...# ....# ..#
....# #.#∆∆∆
...#
#†#####..#####
#.@T.((.......
#.############
#...##
###..##########.
##............
####.########
#.# #.#
#.###########


You could see Pargi.

Vanquished Creatures
  4 bats (D:1)
  An endoplasm (D:1)
  4 goblins
  2 hobgoblins
  9 kobolds
  5 quokkas
  2 ball pythons (D:1)
  A frilled lizard (D:1)
  A rat (D:2)
29 creatures vanquished.

Notes
Turn   | Place    | Note
-------+----------+-------------------------------------------
     0 | D:1      | Godmorgon the Gnoll Wanderer began the quest for the Orb.
     0 | D:1      | Godmorgon set off with the following items: a +2 mace, a +0
                  | sling, a +0 ring mail, a scroll of blinking.
     0 | D:1      | Reached XP level 1. HP: 17/17 MP: 1/1
   256 | D:1      | Reached XP level 2. HP: 23/23 MP: 2/2
   547 | D:1      | Found Poybede's Armour Shop.
   980 | D:1      | Found a faded altar of an unknown god.
  1281 | D:2      | Reached XP level 3. HP: 28/28 MP: 3/3
  1600 | D:2      | Found an opulent altar of Gozag.
  2099 | D:3      | Reached skill level 1 in Invocations
  2102 | D:3      | Noticed Pargi
  2120 | D:3      | HP: 1/28 [Pargi (3)]
  2120 | D:3      | Slain by Pargi

Illustrated notes

Levels and vault maps discovered:
D:1:      co_arrival_random_square_maze, layout_basic,
          nicolae_ecumenical_snake_handling, serial_shops, nicolae_shop_crystal
D:2:      layout_basic, basic_altar
D:3:      layout_basic, grunt_temple_overflow_open, minivault_25, minmay_vboxes,
          uniq_terence, uniq_pargi, uniq_robin

Skill      XL: |  1  2  3 |
---------------+----------+-----
Invocations    | 1 |  1.0
Fighting       | |  2.6
Short Blades   | |  0.8
Long Blades    | |  0.8
Axes           | |  0.8
Maces & Flails | |  6.5
Polearms       | |  0.8
Staves         | |  0.8
Ranged Weapons | |  6.5
Throwing       | |  0.8
Armour         | |  6.5
Dodging        | |  0.8
Stealth        | |  0.8
Shields        | |  0.8
Unarmed Combat | |  0.8
Spellcasting   | |  0.8
Conjurations   | |  0.5
Hexes          | |  0.5
Summonings     | |  0.5
Necromancy     | |  0.5
Translocations | |  0.5
Transmutations | |  0.5
Fire Magic     | |  0.5
Ice Magic      | |  0.5
Air Magic      | |  0.5
Earth Magic    | |  0.5
Poison Magic   | |  0.5
Evocations     | |  0.8

Action                   || total
-------------------------++-------
Melee: Mace              ||    37
       Short sword       ||    76
       Bite              ||    11
       Punch             ||     1
Throw: Stone             ||     4
       Dart              ||     5
Armor: Ring mail         ||    53
Dodge: Dodged            ||    61
